 Dungeon Crawl Stone Soup version 0.30-a0-141-g30f27751c5 (webtiles) character file.

Game seed: 7271804793392869874

2158 qw the Blocker (level 9, -3/52 HPs)
             Began as a Gargoyle Fighter on Sept 25, 2022.
             Was a Follower of Okawaru.
             Slain by a wight
             ... wielding a +3 halberd
              (8 damage)
             ... on level 7 of the Dungeon.
             The game lasted 00:02:23 (6855 turns).

qw the Blocker (Gargoyle Fighter)                   Turns: 6855, Time: 00:02:23

Health: -3/52      AC: 19    Str: 27    XL:     9   Next: 31%
Magic:  9/9        EV:  6    Int:  8    God:    Okawaru [*.....]
Gold:   464        SH: 14    Dex:  9    Spells: 8/8 levels left

rFire   . . .      SeeInvis .    Y - +2 war axe
rCold   + . .      Faith    .    l - +0 tower shield
rNeg    + . .      Spirit   .    f - +0 chain mail
rPois   inf        Reflect  .    (no helmet)
rElec   +          Harm     .    i - +2 cloak
rCorr   .          Rampage  .    (no gloves)
Will    .....                    h - +0 pair of boots
Stlth   ..........               (no amulet)
HPRegen 0.17/turn                j - ring "Qaimpuzoro" {rC+ Str+2}
MPRegen 0.11/turn                (no ring)

@: no status effects
A: sickness immunity, AC +6, negative energy resistance 1, electricity
resistance, torment resistance 1, petrification resistance
a: Renounce Religion, Heroism


You were on level 7 of the Dungeon.
You worshipped Okawaru.
Okawaru was aware of your devotion.
You visited 1 branch of the dungeon, and saw 7 of its levels.

You collected 464 gold pieces.


Innate Abilities, Weirdness & Mutations

You are immune to sickness and miasma.
Your stone body is resilient. (AC +6)
You are immune to poison.
You resist negative energy. (rN+)
You are resistant to electric shocks. (rElec)
You are resistant to unholy torment.
You are immune to petrification.


   Skills:
 - Level 4.7 Fighting
 - Level 7.3 Axes
 - Level 3.2 Armour
 - Level 1.8 Dodging
 + Level 9.6 Shields


You had 8 spell levels left.
You didn't know any spells.
Your spell library was empty.

Inventory:

Hand Weapons
 n - a +2 flail of protection
 Y - a +2 war axe (weapon)
Missiles
 e - 8 boomerangs (quivered)
Armour
 f - a +0 chain mail (worn)
 h - a +0 pair of boots (worn)
 i - a +2 cloak (worn)
 l - a +0 tower shield (worn)
Jewellery
 j - the ring "Qaimpuzoro" (left hand) {rC+ Str+2}
   (You found it on level 4 of the Dungeon)

   [ring of protection from cold]

   Str:       It affects your strength (+2).
   rC:        It protects you from cold.
Scrolls
 b - a scroll of identify
Potions
 a - a potion of cancellation
 d - 2 potions of might
 g - 2 potions of attraction
 k - 3 potions of curing
 o - a potion of mutation

Dungeon Overview and Level Annotations

Branches:
Dungeon (7/15)             Temple (0/1) D:6

Altars:
Okawaru
Vehumet
Wu Jian
Yredelemnul

Annotations:
D:5 3 runed translucent doors, qw's ghost, amateur GrFi; qw's ghost, novice GrFi


Message History

You block the wight's attack. x2
You barely miss the wight.
The wight is heavily damaged.
You block the wight's attack. x2
You hit the wight but do no damage.
The wight is heavily damaged.
The wight hits you with a +0 war axe. You block the wight's attack.
You barely miss the wight.
The wight is heavily damaged.
You block the wight's attack.
The wight hits you from afar with a +3 halberd!
You block the wight's attack. x2
You hit the wight but do no damage.
The wight is heavily damaged.
You block the wight's attack. x2
You completely miss the wight.
The wight is heavily damaged.
You block the wight's attack. x2; The wight hits you with a +0 war axe.
You block the wight's attack.
You hit the wight.
The wight is severely damaged.
The wight barely misses you. You block the wight's attack.
You hit the wight but do no damage.
The wight is severely damaged.
The wight hits you but does no damage. You block the wight's attack.
You hit the wight but do no damage.
The wight is severely damaged.
You block the wight's attack. The wight hits you but does no damage.
You block the wight's attack. x2
You barely miss the wight.
The wight is severely damaged.
The wight hits you but does no damage.
The wight hits you from afar with a +3 halberd.
You hit the wight.
You destroy the wight!
Okawaru accepts your kill.
You can now gain great but temporary skills.
You block the wight's attack.
The wight hits you from afar with a +3 halberd!
You die...

## . ..#.#
#.#.# #z...
#####..#
##...@)#
#..##### #.##
#.# ##.# #..#
#### ##..#
#...### #.)##
#.....####..#


You could see a wight.

Vanquished Creatures
  Grinder (D:3)
  Eustachio (D:4)
  A steam dragon (D:6)
  Menkaure (D:4)
  3 ogres
  3 phantoms
  Blork the orc (D:4)
  A necrophage (D:6)
  2 scorpions
  6 wights
  A jelly (D:6)
  An orc priest (D:3)
  2 hounds
  A gnoll bouda (D:7)
  An iguana (D:6)
  5 orc wizards
  8 gnolls
  10 adders
  2 white imps (D:5)
  2 ufetubi
  A worm (D:4)
  A dart slug (D:1)
  21 orcs
  9 bats
  5 endoplasms
  2 giant cockroaches
  5 goblins
  6 hobgoblins
  6 kobolds
  3 quokkas
  5 ball pythons
  4 frilled lizards
  7 rats
128 creatures vanquished.

Vanquished Creatures (others)
  4 withered plants (D:5)
4 creatures vanquished.

Grand Total: 132 creatures vanquished

Notes
Turn   | Place    | Note
-------+----------+-------------------------------------------
     0 | D:1      | qw the Gargoyle Fighter began the quest for the Orb.
     0 | D:1      | Reached XP level 1. HP: 14/14 MP: 1/1
     0 | D:1      | 0 ||| qw: Version: 0.2-a-10-g399e6c4
     0 | D:1      | 0 ||| qw: Game counter: 182
     0 | D:1      | 0 ||| qw: Always use a shield: true
     0 | D:1      | 0 ||| qw: God list: Okawaru
     0 | D:1      | 0 ||| qw: Allow faded altars: false
     0 | D:1      | 0 ||| qw: Do Orc after D:15 true
     0 | D:1      | 0 ||| qw: Do second Lair branch before Depths: true
     0 | D:1      | 0 ||| qw: Lair rune preference: random
     0 | D:1      | 0 ||| qw: Plans: Normal, Zot:1-4, God:TSO, Crypt, Tomb,
                  | Pan, Slime:5, Hells, Abyss, Orb
     0 | D:1      | 0 ||| PLANNING D:1-11
   247 | D:1      | Reached XP level 2. HP: 19/19 MP: 2/2
   413 | D:1      | 413 ||| DROPPING +0 club.
   692 | D:1      | 692 ||| Stepping ~*~*~tactically~*~*~ (stealth).
   701 | D:1      | 701 ||| Stepping ~*~*~tactically~*~*~ (stealth).
   702 | D:1      | Found a faded altar of an unknown god.
   707 | D:1      | Reached skill level 3 in Axes
  1228 | D:1      | 1228 ||| UPGRADING to +0 chain mail.
  1238 | D:1      | 1238 ||| DROPPING +0 scale mail.
  1239 | D:1      | 1239 ||| UPGRADING to +0 pair of boots.
  1244 | D:1      | 1244 ||| READING scroll labelled DOGAVI CEWAWK.
  1245 | D:1      | 1245 ||| READING scroll labelled GELEWUENAUC.
  1246 | D:1      | 1246 ||| DRINKING 2 smoky orange potions.
  1247 | D:1      | 1247 ||| DRINKING 2 fizzy clear potions.
  1248 | D:1      | 1248 ||| DROPPING potion of invisibility.
  1278 | D:2      | Reached XP level 3. HP: 23/23 MP: 3/3
  1844 | D:2      | Reached XP level 4. HP: 28/28 MP: 4/4
  2187 | D:2      | 2187 ||| READING scroll labelled RUTIOC SEET.
  2188 | D:2      | 2188 ||| READING scroll labelled ACSAIG HEDU.
  2189 | D:2      | 2189 ||| READING scroll labelled PEOPEFEPRA.
  2190 | D:2      | 2190 ||| DRINKING 3 green potions.
  2235 | D:3      | 2235 ||| STAIRDANCE
  2249 | D:3      | 2249 ||| STAIRDANCE
  2256 | D:3      | 2256 ||| STAIRDANCE
  2331 | D:3      | 2331 ||| Stepping ~*~*~tactically~*~*~ (stealth).
  2791 | D:3      | 2791 ||| Stepping ~*~*~tactically~*~*~ (stealth).
  2802 | D:3      | Reached XP level 5. HP: 32/32 MP: 5/5
  2810 | D:3      | Noticed Grinder
  2811 | D:3      | 2811 ||| Stepping ~*~*~tactically~*~*~ (hiding).
  2827 | D:3      | HP: 6/32 [Grinder (4)]
  2831 | D:3      | Paralysed by Grinder for 3 turns
  2834 | D:3      | 2834 ||| Stepping ~*~*~tactically~*~*~ (hiding).
  2838 | D:3      | HP: 4/32 [Grinder (4)]
  2845 | D:3      | 2845 ||| Stepping ~*~*~tactically~*~*~ (hiding).
  2849 | D:3      | Killed Grinder
  2850 | D:3      | Reached skill level 6 in Axes
  2850 | D:3      | Reached XP level 6. HP: 3/37 MP: 6/6
  3409 | D:3      | 3409 ||| UPGRADING to +2 cloak.
  3423 | D:3      | 3423 ||| READING 2 scrolls labelled BEUJAD AFREOB.
  3424 | D:3      | 3424 ||| DRINKING 2 ruby potions.
  3425 | D:3      | 3425 ||| DROPPING potion of flight.
  3477 | D:4      | Noticed Blork the orc
  3489 | D:4      | Killed Blork the orc
  3715 | D:4      | Noticed Eustachio
  3716 | D:4      | 3716 ||| Stepping ~*~*~tactically~*~*~ (stealth).
  3718 | D:4      | 3718 ||| Stepping ~*~*~tactically~*~*~ (stealth).
  3724 | D:4      | 3724 ||| Stepping ~*~*~tactically~*~*~ (stealth).
  3725 | D:4      | 3725 ||| Stepping ~*~*~tactically~*~*~ (stealth).
  3731 | D:4      | 3731 ||| Stepping ~*~*~tactically~*~*~ (stealth).
  3738 | D:4      | Reached skill level 1 in Dodging
  3738 | D:4      | Reached XP level 7. HP: 30/43 MP: 7/7
  3827 | D:4      | 3827 ||| DROPPING +0 whip.
  3834 | D:4      | Identified the ring "Qaimpuzoro" {rC+ Str+2}
  3837 | D:4      | 3837 ||| Stepping ~*~*~tactically~*~*~ (stealth).
  3841 | D:4      | 3841 ||| Stepping ~*~*~tactically~*~*~ (stealth).
  3882 | D:4      | Killed Eustachio
  3898 | D:4      | 3898 ||| READING scroll of enchant weapon.
  3898 | D:4      | 3898 ||| ENCHANTING +1 war axe.
  4044 | D:4      | Found an ornate altar of the Wu Jian Council.
  4141 | D:4      | 4141 ||| DRINKING 4 potions of curing.
  4141 | D:4      | 4141 ||| (to cure confusion)
  4142 | D:4      | 4142 ||| DRINKING 3 potions of curing.
  4142 | D:4      | 4142 ||| (to cure confusion)
  4230 | D:4      | Noticed Menkaure
  4237 | D:4      | Killed Menkaure
  4299 | D:4      | Reached XP level 8. HP: 33/48 MP: 8/8
  4617 | D:4      | 4617 ||| UPGRADING to +0 tower shield.
  4627 | D:4      | 4627 ||| DROPPING +0 buckler.
  4628 | D:4      | 4628 ||| UPGRADING to ring "Qaimpuzoro" {rC+ Str+2}.
  4629 | D:4      | 4629 ||| READING scroll labelled NEPSIAM NINO.
  4630 | D:4      | 4630 ||| READING scroll labelled FAOBEM UGOIZU.
  4631 | D:4      | 4631 ||| READING 3 scrolls of identify.
  4631 | D:4      | 4631 ||| IDENTIFYING coppery potion
  4632 | D:4      | 4632 ||| READING 2 scrolls of identify.
  4632 | D:4      | 4632 ||| IDENTIFYING pink potion
  4643 | D:5      | Entered Level 5 of the Dungeon
  4691 | D:5      | Reached skill level 4 in Shields
  4822 | D:5      | 4822 ||| Stepping ~*~*~tactically~*~*~ (hiding).
  4854 | D:5      | 4854 ||| Stepping ~*~*~tactically~*~*~ (stealth).
  4975 | D:5      | Reached skill level 5 in Shields
  4990 | D:5      | Found a radiant altar of Vehumet.
  5000 | D:5      | 5000 ||| Stepping ~*~*~tactically~*~*~ (stealth).
  5002 | D:5      | 5002 ||| Stepping ~*~*~tactically~*~*~ (stealth).
  5017 | D:5      | Identified the +2 robe "Wodd" {Harm rPois Str+2}
  5102 | D:5      | Found a runed translucent gate.
  5160 | D:5      | Found a runed translucent gate.
  5160 | D:5      | Found a runed translucent gate.
  5164 | D:5      | Noticed qw's ghost (amateur GrFi)
  5164 | D:5      | Noticed qw's ghost (novice GrFi)
  5164 | D:5      | Noticed qw's ghost (novice GrFi)
  5331 | D:6      | 5331 ||| Stepping ~*~*~tactically~*~*~ (stealth).
  5332 | D:6      | 5332 ||| Stepping ~*~*~tactically~*~*~ (stealth).
  5354 | D:6      | Reached skill level 6 in Shields
  5513 | D:6      | 5513 ||| FLEEEEING.
  5514 | D:6      | 5514 ||| FLEEEEING.
  5515 | D:6      | 5515 ||| FLEEEEING.
  5516 | D:6      | 5516 ||| FLEEEEING.
  5517 | D:6      | 5517 ||| FLEEEEING.
  5518 | D:6      | 5518 ||| FLEEEEING.
  5519 | D:6      | 5519 ||| FLEEEEING.
  5520 | D:6      | 5520 ||| FLEEEEING.
  5521 | D:6      | 5521 ||| FLEEEEING.
  5522 | D:6      | 5522 ||| FLEEEEING.
  5523 | D:6      | 5523 ||| FLEEEEING.
  5524 | D:6      | 5524 ||| FLEEEEING.
  5525 | D:6      | 5525 ||| FLEEEEING.
  5526 | D:6      | 5526 ||| FLEEEEING.
  5527 | D:6      | 5527 ||| FLEEEEING.
  5528 | D:6      | 5528 ||| FLEEEEING.
  5529 | D:6      | 5529 ||| FLEEEEING.
  5530 | D:6      | 5530 ||| FLEEEEING.
  5532 | D:6      | 5532 ||| FLEEEEING.
  5533 | D:6      | 5533 ||| FLEEEEING.
  5534 | D:6      | 5534 ||| FLEEEEING.
  5535 | D:6      | 5535 ||| FLEEEEING.
  5536 | D:6      | 5536 ||| FLEEEEING.
  5537 | D:6      | 5537 ||| FLEEEEING.
  5538 | D:6      | 5538 ||| FLEEEEING.
  5544 | D:6      | 5544 ||| FLEEEEING.
  5545 | D:6      | 5545 ||| FLEEEEING.
  5546 | D:6      | 5546 ||| FLEEEEING.
  5547 | D:6      | 5547 ||| FLEEEEING.
  5548 | D:6      | 5548 ||| FLEEEEING.
  5550 | D:6      | 5550 ||| FLEEEEING.
  5551 | D:6      | 5551 ||| FLEEEEING.
  5555 | D:6      | 5555 ||| FLEEEEING.
  5558 | D:6      | 5558 ||| STAIRDANCE
  5626 | D:5      | 5626 ||| READING 2 scrolls of identify.
  5626 | D:5      | 5626 ||| IDENTIFYING amethyst potion
  5649 | D:6      | Reached skill level 7 in Shields
  5658 | D:6      | 5658 ||| Stepping ~*~*~tactically~*~*~ (stealth).
  5659 | D:6      | 5659 ||| Stepping ~*~*~tactically~*~*~ (stealth).
  5678 | D:6      | HP: 11/48 [wight/+0 mace (5)]
  5679 | D:6      | 5679 ||| DRINKING potion of heal wounds.
  5681 | D:6      | Reached skill level 8 in Shields
  5683 | D:6      | Reached XP level 9. HP: 17/52 MP: 9/9
  5960 | D:6      | Found an iron altar of Okawaru.
  5961 | D:6      | 5961 ||| PLANNING OKAWARU WORSHIP
  5967 | D:6      | Became a worshipper of Warmaster Okawaru
  5968 | D:6      | 5968 ||| PLANNING D:1-11
  5984 | D:6      | 5984 ||| Stepping ~*~*~tactically~*~*~ (hiding).
  5996 | D:6      | 5996 ||| FLEEEEING.
  5997 | D:6      | 5997 ||| FLEEEEING.
  5998 | D:6      | 5998 ||| FLEEEEING.
  5999 | D:6      | 5999 ||| FLEEEEING.
  6000 | D:6      | 6000 ||| FLEEEEING.
  6001 | D:6      | 6001 ||| FLEEEEING.
  6002 | D:6      | 6002 ||| FLEEEEING.
  6003 | D:6      | 6003 ||| FLEEEEING.
  6232 | D:6      | Found a basalt altar of Yredelemnul.
  6353 | D:6      | Reached skill level 9 in Shields
  6371 | D:6      | 6371 ||| Stepping ~*~*~tactically~*~*~ (hiding).
  6382 | D:6      | 6382 ||| Stepping ~*~*~tactically~*~*~ (cloud).
  6383 | D:6      | 6383 ||| Stepping ~*~*~tactically~*~*~ (cloud).
  6440 | D:6      | Found a staircase to the Ecumenical Temple.
  6674 | D:6      | 6674 ||| READING 2 scrolls labelled DITISI NECROMIPE.
  6675 | D:6      | 6675 ||| READING scroll labelled VUEXEN FEACS.
  6676 | D:6      | 6676 ||| READING scroll labelled KUUVVANGOEMU.
  6677 | D:6      | 6677 ||| READING 2 scrolls of identify.
  6677 | D:6      | 6677 ||| IDENTIFYING sedimented inky potion
  6678 | D:6      | 6678 ||| DROPPING scroll of noise.
  6679 | D:6      | 6679 ||| DROPPING potion of degeneration.
  6848 | D:7      | HP: 10/52 [wight/+3 halberd (8)]
  6854 | D:7      | HP: 4/52 [wight/+3 halberd (5)]
  6855 | D:7      | Reached * piety under Okawaru
  6855 | D:7      | Slain by a wight

Levels and vault maps discovered:
D:1:      dpeg_arrival_arbitrary_b, layout_basic,
          hellmonk_ecumenical_altar_zigzags
D:2:      layout_basic, item_on_display_a
D:3:      layout_basic, reono_crystal_passage, uniq_grinder
D:4:      layout_basic, mainiacjoe_overflow_catwalk, uniq_blork_the_orc,
          uniq_menkaure, uniq_eustachio
D:5:      layout_basic, mainiacjoe_overflow_chevrons, gammafunk_ghost_cemetery
D:6:      layout_gridville, mainiacjoe_overflow_large_starburst, temple_hall
D:7:      layout_layer_cave, uniq_duvessa

Skill      XL: |  1  2  3  4  5  6  7  8  9 |
---------------+----------------------------+-----
Axes           | 2 3 4 6 7 |  7.3
Fighting       | 4 |  4.7
Dodging        | 1 |  1.8
Shields        | 8 9 |  9.6
Armour         | |  3.2

Action                   |  1- 3 |  4- 6 |  7- 9 || total
-------------------------+-------+-------+-------++-------
Melee: War axe           |    87 |    98 |   282 ||   467
Throw: Boomerang         |       |    19 |    37 ||    56
       Javelin           |       |       |     7 ||     7
  Use: Scroll            |     2 |     4 |    10 ||    16
       Potion            |     2 |     2 |     3 ||     7
Armor: Scale mail        |    19 |       |       ||    19
       Chain mail        |    22 |    54 |   236 ||   312
Dodge: Dodged            |    35 |    38 |   100 ||   173
Block: Buckler           |    15 |    10 |    20 ||    45
       Tower shield      |       |       |   184 ||   184

Table legend:
 A = Non-vault XP
 B = Vault XP
 C = Vault XP percentage of total XP
 D = Non-vault monster count
 E = Vault monster count
 F = Vault count percentage of total count
                 A         B        C        D         E       F
            +---------+---------+-------+---------+---------+-------
      Total |    2417 |     739 |  23.4 |     124 |       4 |   3.1
            +---------+---------+-------+---------+---------+-------
        D:1 |      33 |       0 |   0.0 |      18 |       0 |   0.0
        D:2 |      54 |       0 |   0.0 |      20 |       0 |   0.0
        D:3 |      85 |     272 |  76.2 |      19 |       1 |   5.0
        D:4 |     331 |     467 |  58.5 |      20 |       3 |  13.0
        D:5 |     419 |       0 |   0.0 |      14 |       0 |   0.0
        D:6 |    1328 |       0 |   0.0 |      27 |       0 |   0.0
        D:7 |     167 |       0 |   0.0 |       6 |       0 |   0.0
            +---------+---------+-------+---------+---------+-------
